 Dungeon Crawl Stone Soup version 0.29-a0-284-gf9362112df (webtiles) character file.

Game seed: 16209634408031129935

85 juncz the Chiller (level 4, 0/33 HPs)
             Began as a Draconian Ice Elementalist on Mar 16, 2022.
             Slain by a gnoll
             ... wielding a +0 halberd
              (11 damage)
             ... on level 2 of the Dungeon.
             The game lasted 00:05:50 (1491 turns).

juncz the Chiller (Draconian Ice Elementalist)      Turns: 1491, Time: 00:05:52

Health: 0/33       AC:  6    Str: 10    XL:     4   Next: 25%
Magic:  5/8        EV: 12    Int: 18    God:
Gold:   61         SH:  0    Dex: 11    Spells: 8/9 levels left

rFire   . . .      SeeInvis .   j - +0 spear
rCold   . . .      Faith    .   (no shield)
rNeg    . . .      Spirit   .   (body armour unavailable)
rPois   .          Reflect  .   (helmet restricted)
rElec   .          Harm     .   (no cloak)
rCorr   .          Rampage  .   (no gloves)
Will    .....                   f - +0 pair of boots
Stlth   ++........              (no amulet)
HPRegen 0.11/turn               (no ring)
MPRegen 0.11/turn               (no ring)

@: on berserk cooldown, slowed, very slow
A: AC +5, unfitting armour, cold-blooded
a: no special abilities


You were on level 2 of the Dungeon.
You visited 1 branch of the dungeon, and saw 2 of its levels.

You collected 61 gold pieces.

Inventory:

Hand Weapons
 j - a +0 spear (weapon)
Missiles
 d - 43 stones (quivered)
Armour
 f - a +0 pair of boots (worn)
Potions
 a - a potion of magic
 h - a potion of curing
 i - a potion of haste {unknown}


   Skills:
 - Level 1.8 Dodging
 - Level 1.8 Stealth
 + Level 3.2 Spellcasting
 + Level 5.0 Ice Magic


You had 8 spell levels left.
You knew the following spells:

 Your Spells              Type           Power      Damage    Failure   Level
a - Freeze                Ice            80%        1d9       1%          1

Your spell library contained the following spells:

 Spells                   Type           Power      Damage    Failure   Level
 Frozen Ramparts          Ice            40%        1d6       6%          3
 Ozocubu's Armour         Ice            20%        N/A       6%          3
 Ensorcelled Hibernation  Hex/Ice        22%        N/A       9%          2
 Passwall                 Tmut/Erth      1%         N/A       24%         2
 Swiftness                Air            2%         N/A       43%         3
 Hailstorm                Conj/Ice       11%        3d5       50%         4


Dungeon Overview and Level Annotations

Branches:
Dungeon (2/15)

Altars:


Innate Abilities, Weirdness & Mutations

Your plain brown scales are hard. (AC +5)
You cannot fit into any form of body armour.
You are cold-blooded and may be slowed by cold attacks.


Message History

The goblin hits you but does no damage.
You feel much better.
You are starting to lose your buoyancy.
The goblin misses you. The goblin barely misses you.
The gnoll hits you but does no damage.
You barely miss the gnoll.
The gnoll is moderately wounded.
The goblin hits you but does no damage. x2; The gnoll barely misses you.
The gnoll hits you with a +0 halberd.
The goblin hits you but does no damage. x2
You hit the gnoll.
The gnoll is heavily wounded.
The goblin hits you with a +0 club. The goblin misses you.
The gnoll hits you with a +0 halberd. The goblin hits you with a +0 club.
The gnoll hits you with a +0 halberd! The goblin hits you with a +0 dagger.
Casting: Freeze (safe; 1% risk of failure)
Confirm with . or Enter, or press ? or * to list all spells.
Aiming: Freeze (safe; 1% risk of failure)
Press: ? - help, Shift-Dir - straight line, f - goblin
Aim: a goblin, wielding a +0 club You freeze the goblin!
You kill the goblin!
The goblin hits you but does no damage. The gnoll barely misses you.
Your Ice Magic skill increases to level 5!
You hit the gnoll but do no damage.
The gnoll is heavily wounded.
The goblin hits you with a +0 dagger. The gnoll closely misses you.
The dart slug launches a dart at you.
The slug dart hits you but does no damage.
The gnoll hits you but does no damage. The goblin hits you but does no damage.
The dart slug bites you but does no damage.
Casting: Freeze (safe; 1% risk of failure)
Confirm with . or Enter, or press ? or * to list all spells.
Aiming: Freeze (safe; 1% risk of failure)
Press: ? - help, Shift-Dir - straight line, f - dart slug
Aim: a dart slug You freeze the dart slug.
The dart slug is moderately wounded.
You float gracefully downwards.
The goblin barely misses you. The gnoll closely misses you.
The gnoll hits you with a +0 halberd!
You die...

#### ..... ..... ......
# ###gJ....
#..############wgKg....
#.............@g#
#........g###
g..g.......##.....
..........g.#####..
..b.........#
......?.....#
.b............
...$.......g.##
..............


You could see a gnoll, a dart slug, an endoplasm, 4 goblins and a kobold.

Vanquished Creatures
  Robin (D:2)
  3 gnolls
  2 dart slugs
  3 endoplasms
  A giant cockroach (D:1)
  3 hobgoblins (D:1)
  7 jackals (D:1)
  3 kobolds (D:1)
  A quokka (D:1)
  4 ball pythons
  2 frilled lizards (D:1)
  7 goblins
  2 rats
39 creatures vanquished.

Vanquished Creatures (others)
  A plant (D:1)
1 creature vanquished.

Grand Total: 40 creatures vanquished

Notes
Turn   | Place    | Note
-------+----------+-------------------------------------------
     0 | D:1      | juncz the Draconian Ice Elementalist began the quest for
                  | the Orb.
     0 | D:1      | Reached XP level 1. HP: 14/14 MP: 3/3
   478 | D:1      | Reached XP level 2. HP: 20/20 MP: 1/5
   484 | D:1      | Found a faded altar of an unknown god.
  1028 | D:1      | Reached XP level 3. HP: 22/26 MP: 0/7
  1458 | D:2      | Noticed Robin
  1480 | D:2      | Reached XP level 4. HP: 22/33 MP: 5/8
  1481 | D:2      | Killed Robin
  1490 | D:2      | Reached skill level 5 in Ice Magic
  1491 | D:2      | Slain by a gnoll

Illustrated notes

Levels and vault maps discovered:
D:1:      psy_arrival_terrarium, layout_basic,
          hellmonk_ecumenical_altar_lost_god, nrook_mini_vaults,
          minmay_misc_feat_chi, nicolae_grassy_gnolls
D:2:      layout_rooms, minmay_tall_x, uniq_robin, uniq_natasha

Skill      XL: |  1  2  3  4 |
---------------+-------------+-----
Spellcasting   | 3 |  3.2
Ice Magic      | 5 |  5.0
Dodging        | |  1.8
Stealth        | |  1.8

Action                   |  1- 3 |  4- 6 || total
-------------------------+-------+-------++-------
Melee: Short sword       |    18 |       ||    18
       Tailslap          |     1 |     1 ||     2
       Spear             |    19 |     8 ||    27
Throw: Stone             |     1 |       ||     1
 Cast: Freeze            |    41 |     2 ||    43
  Use: Potion            |     4 |     1 ||     5
       Scroll            |     1 |       ||     1
 Stab: Sleeping          |     1 |       ||     1
Armor: Skin              |    18 |    13 ||    31
Dodge: Dodged            |    56 |    20 ||    76

Table legend: (Time is in decaauts)
 A = Elapsed time spent in this place.
 B = Non-inter-level travel time spent in this place.
 C = Inter-level travel time spent in this place.
 D = Time resting spent in this place.
 E = Time spent auto-exploring this place.
 F = Levels seen in this place.
 G = Mean time per level.
                   A        B        C        D        E       F      G
               +--------+--------+--------+--------+--------+-----+--------+
         Total |   1491 |   1435 |     56 |    203 |    962 |   2 |  745.5 |
       Dungeon |   1491 |   1435 |     56 |    203 |    962 |   2 |  745.5 |
               +--------+--------+--------+--------+--------+-----+--------+

Top non-repeatable levels by time:
     D:1: 1446 daAuts
     D:2: 45 daAuts
